 Dungeon Crawl Stone Soup version 0.26.1-2-gb8aa6d0cf2 (webtiles) character file.

Game seed: 10179993297498039329

51 Cassim the Magician (level 4, -1/33 HPs)
             Began as a Human Hedge Wizard on Mar 28, 2021.
             Slain by an ogre
             ... wielding a +0 giant club
              (19 damage)
             ... on level 2 of the Dungeon.
             The game lasted 00:12:12 (1467 turns).

Cassim the Magician (Human Hedge Wizard)            Turns: 1467, Time: 00:12:13

Health: -1/33      AC:  3    Str: 10    XL:     4   Next: 7%
Magic:  4/9        EV: 12    Int: 15    God:
Gold:   19         SH:  0    Dex: 13    Spells: 3/9 levels left

rFire    . . .     SeeInvis .   g - +0 mace
rCold    . . .     Faith    .   (no shield)
rNeg     . . .     Spirit   .   b - +0 robe
rPois    .         Reflect  .   c - +0 hat
rElec    .         Harm     .   d - +0 cloak
rCorr    .         Rampage  .   (no gloves)
Will     .....                  (no boots)
Stlth    ++........             (no amulet)
HPRegen  0.11/turn              (no ring)
MPRegen  0.11/turn              (no ring)

@: no status effects
A: no striking features
a: no special abilities


You were on level 2 of the Dungeon.
You visited 1 branch of the dungeon, and saw 2 of its levels.

You collected 19 gold pieces.

Inventory:

Hand Weapons
 a - a +0 dagger
 g - a +0 mace (weapon)
 k - a +0 dagger of venom
Armour
 b - a +0 robe (worn)
 c - a +0 hat (worn)
 d - a +0 cloak (worn)
 i - a +0 leather armour
Jewellery
 f - a cursed amulet of inaccuracy {unknown}
 l - a +6 ring of intelligence {unknown}
Scrolls
 e - a scroll of teleportation {unknown}
Potions
 h - a potion of degeneration {unknown}
 j - 2 potions of brilliance {unknown}


   Skills:
 * Level 2.2 Fighting
 - Level 2.0 Dodging
 - Level 2.0 Stealth
 + Level 3.3 Spellcasting
 + Level 1.8 Conjurations
 - Level 1.0 Summonings
 - Level 1.0 Translocations


You had 3 spell levels left.
You knew the following spells:

 Your Spells              Type           Power        Failure   Level
a - Magic Dart            Conj           32%          9%          1
b - Call Imp              Summ           5%           19%         2
c - Mephitic Cloud        Conj/Pois/Air  4%           41%         3

Your spell library contained the following spells:

 Spells                   Type           Power        Failure   Level
 Blink                    Tloc           N/A          19%         2
 Slow                     Hex            2%           28%         2
 Conjure Flame            Conj/Fire      5%           36%         3


Dungeon Overview and Level Annotations

Branches:
Dungeon (2/15)

Altars:


Message History

Casting: Magic Dart (safe; 9% risk of failure)
Confirm with . or Enter, or press ? or * to list all spells.
Aiming: Magic Dart (safe; 9% risk of failure)
Press: ? - help, Shift-Dir - straight line, f/p - ogre
Aim: an ogre, wielding a +0 giant club (moderately wounded, 0% to evade)
You miscast Magic Dart.
You are very lightly contaminated with residual magic.
Nothing appears to happen.
Casting: Magic Dart (safe; 9% risk of failure)
Confirm with . or Enter, or press ? or * to list all spells.
Aiming: Magic Dart (safe; 9% risk of failure)
Press: ? - help, Shift-Dir - straight line, f/p - ogre
Aim: an ogre, wielding a +0 giant club (moderately wounded, 0% to evade)
The magic dart hits the ogre.
The ogre is moderately wounded.
The ogre hits you with a +0 giant club!
Your magical contamination has completely faded away.
The ogre hits you with a +0 giant club!!
Ouch! That really hurt!
You die...

# # .#.### .##.. #.# ....#
.....# #.# #.#.#
##...#####.####.#.##
##.....##....>......# ###
##.....(.#.#.......#.# ##.#
#..........###.....#.#######...
+..............O...#...........
#..........###@.#######.####...
#.......#.........#....# ##.#
##.....######.###.#.#### ###
##...## #.# #.#.# ##'## #.#
#...# #####.## #.# #####
#.....)# #.# #.###..#######.#
##...........#


You could see an ogre.

Vanquished Creatures
  A gnoll (D:1)
  An adder (D:2)
  A dart slug (D:2)
  A ball python (D:1)
  2 bats
  3 giant cockroaches
  4 goblins
  5 hobgoblins (D:1)
  2 frilled lizards (D:1)
  3 kobolds
  6 rats
29 creatures vanquished.

Notes
Turn   | Place    | Note
-------+----------+-------------------------------------------
     0 | D:1      | Cassim the Human Hedge Wizard began the quest for the Orb.
     0 | D:1      | Reached XP level 1. HP: 13/13 MP: 4/4
   126 | D:1      | Reached XP level 2. HP: 20/20 MP: 1/6
   129 | D:1      | Learned a level 2 spell: Call Imp
   186 | D:1      | Reached skill level 1 in Fighting
   502 | D:1      | Reached XP level 3. HP: 10/26 MP: 0/7
  1092 | D:1      | Learned a level 3 spell: Mephitic Cloud
  1335 | D:2      | Reached XP level 4. HP: 33/33 MP: 7/9
  1410 | D:2      | Noticed an ogre
  1467 | D:2      | Slain by an ogre

Illustrated notes

Levels and vault maps discovered:
D:1:      roderic_chinese_lattice_arrival, layout_rooms
D:2:      layout_loops_corners, chequers_temple_overflow_statue_of_worship,
          minmay_three_crescents

Skill      XL: |  1  2  3 |
---------------+----------+-----
Fighting       | 1 2 |  2.2
Dodging        | |  2.0
Stealth        | |  2.0
Spellcasting   | |  3.3
Conjurations   | |  1.8
Summonings     | |  1.0
Translocations | |  1.0

Action                   |  1- 3 |  4- 6 || total
-------------------------+-------+-------++-------
Melee: Dagger            |    36 |       ||    36
       Mace              |    10 |     5 ||    15
 Cast: Magic Dart        |    50 |     9 ||    59
Armor: Robe              |     8 |     1 ||     9
Dodge: Dodged            |    30 |     9 ||    39
